 Dungeon Crawl Stone Soup version 0.18-a0-19-g8b99b3a (webtiles) character file.

52 wvc the Ducker (level 3, -2/15 HPs)
             Began as a Felid Transmuter on Nov 1, 2015.
             Slain by Raultor's ghost (17 damage)
             ... on level 3 of the Dungeon.
             The game lasted 00:04:50 (2195 turns).

wvc the Ducker (Felid Transmuter)                   Turns: 2195, Time: 00:04:51

Health: -2/15      AC:  1    Str:  6    XL:     3   Next: 60%
Magic:  7/7        EV: 19    Int: 15    God:
Gold:   76         SH:  0    Dex: 16    Spells: 3 memorised, 0 levels left
                                        Lives:  0   Deaths: 0

rFire  . . .     SeeInvis +       - Unarmed
rCold  . . .     Clarity  .     (armour unavailable)
rNeg   . . .     SustAt   .     (shield unavailable)
rPois  .         Gourm    .     (helmet unavailable)
rElec  .         Spirit   .     (cloak unavailable)
rCorr  .         Warding  .     (gloves unavailable)
rMut   .         Stasis   .     (boots unavailable)
MR     .....                    (no amulet)
Stlth  ++........               (no ring)
                                (no ring)

@: appendage (expiring), quick, not resistant to hostile enchantments,
unstealthy
A: no armour, no weapons or thrown items, claws 1, fangs 3, horns 2, see
invisible, carnivore 3, speed 1, shaggy fur 1, slow metabolism 1, sharp paws
a: End Transformation


You were on level 3 of the Dungeon.
You were completely stuffed.
You had grown temporary horns.
You visited 1 branch of the dungeon, and saw 3 of its levels.

You collected 76 gold pieces.

Inventory:

Missiles
 a - 10 arrows
 h - 13 arrows of frost
Jewellery
 e - an uncursed amulet of stasis
Wands
 n - a wand of draining (9)
Scrolls
 g - a scroll of teleportation
 k - a scroll of remove curse
 l - 3 scrolls of identify
 m - a scroll of fog
Potions
 f - 2 potions of curing {unknown}
 i - 2 potions of beneficial mutation {unknown}
 j - a potion of brilliance {unknown}
Books
 b - a book of Changes

   Spells                             Type                      Level
   a - Beastly Appendage              Transmutation                1
   b - Sticks to Snakes               Transmutation                2
   c - Spider Form                    Transmutation/Poison         3
   d - Ice Form                       Ice/Transmutation            4
   e - Blade Hands                    Transmutation                5
Comestibles
 c - a meat ration
 d - a beef jerky


   Skills:
 + Level 1.1 Fighting
 + Level 4.1 Dodging
 - Level 3.0 Unarmed Combat
 + Level 2.3 Spellcasting
 * Level 3.0 Transmutations


You couldn't memorise any spells.
You knew the following spells:

 Your Spells              Type           Power        Failure   Level  Hunger
a - Beastly Appendage     Trmt           ##....       8%          1    #......
b - Spider Form           Trmt/Pois      #.........   34%         3    ###....
c - Sticks to Snakes      Trmt           ##........   12%         2    ###....


Dungeon Overview and Level Annotations

Branches:
Dungeon (3/15)

Altars:
Elyvilon
Fedhas
Qazlal
Sif Muna
Xom
Yredelemnul

Annotations:
D:3 Raultor's ghost, amateur TrMo


Innate Abilities, Weirdness & Mutations

You cannot wear armour.
You are incapable of wielding weapons or throwing items.
You have sharp claws.
You have razor-sharp teeth.
You have supernaturally acute eyesight.
You are carnivorous and can eat meat at any time.
You cover ground quickly.
You are covered in fur (AC +1).
You have a slow metabolism.
Your sharp claws are effective at attacking unaware monsters.
You have a pair of horns on your head.


Message History

Casting: Beastly Appendage
Confirm with . or Enter, or press ? or * to list all spells.
You grow a pair of large bovine horns.
Raultor's ghost turns its malevolent gaze towards you.
You closely miss the giant newt. Your headbutt misses the giant newt.
You scratch the giant newt.
You kill the giant newt!
An adder comes into view.
There is a stone staircase leading up here.
You see here a glowing bronze wand.
n - a wand of draining Your transformation is almost over.
Raultor's ghost misses you. Raultor's ghost misses you.
Raultor's ghost assumes a wrestling stance.
You scratch Raultor's ghost but do no damage.
Raultor's ghost barely misses you. The adder completely misses you.
Raultor's ghost hits you!
Ouch! That really hurt!
You die...

#.#..##
####.#...###
#....>......
#.##.....#
####.##.....###.
#.....S.........
#.##S##.........
#.#...W<........
#.....@...#.###.
#.........#.#
#...%.....# #
#.........#
#...........
#........##.#
#........# .#
#......... .


You could see Raultor's ghost and an adder.

Vanquished Creatures
  An adder (D:2)
  5 giant cockroaches
  4 hobgoblins
  5 kobolds
  A ball python (D:1)
  9 bats
  10 giant newts
  6 goblins
  4 rats (D:1)
45 creatures vanquished.

Notes
Turn   | Place    | Note
--------------------------------------------------------------
     0 | D:1      | wvc the Felid Transmuter began the quest for the Orb.
     0 | D:1      | Reached XP level 1. HP: 9/9 MP: 4/4
   132 | D:1      | Reached XP level 2. HP: 12/12 MP: 4/6
  1254 | D:1      | Reached XP level 3. HP: 15/15 MP: 7/7
  1336 | D:2      | Learned a level 3 spell: Spider Form
  1339 | D:2      | Learned a level 2 spell: Sticks to Snakes
  1356 | D:2      | Found a blossoming altar of Fedhas.
  1786 | D:2      | Reached skill level 4 in Dodging
  2080 | D:2      | Found a stormy altar of Qazlal.
  2083 | D:2      | Found a shimmering altar of Xom.
  2084 | D:2      | Found a basalt altar of Yredelemnul.
  2085 | D:2      | Found a deep blue altar of Sif Muna.
  2091 | D:2      | Found a white marble altar of Elyvilon.
  2178 | D:3      | Noticed Raultor's ghost (amateur TrMo)
  2195 | D:3      | Slain by Raultor's ghost

Vault maps used:
D:1:      roderic_octagonal_star
D:2:      minitemple, fedhas_altar_2
D:3:      gammafunk_temple_overflow_wave

Action                   || total
-------------------------++-------
Melee: Unarmed           ||   127
 Cast: Beastly Appendage ||    19
       Sticks to Snakes  ||     2
  Use: Scroll            ||     5
       Potion            ||     1
 Stab: Distracted        ||     1
       Sleeping          ||     1
  Eat: Chunk             ||    10
